 Dungeon Crawl Stone Soup version 0.28-a0-1182-g381e24db82 (webtiles) character file.

Game seed: 10129897686525511673

44 LadyOphelia the Chopper (level 3, -4/34 HPs)
             Began as a Deep Dwarf Berserker on Dec 17, 2021.
             Was a Believer of Trog.
             Slain by a worm (8 damage)
             ... on level 2 of the Dungeon.
             The game lasted 00:02:18 (778 turns).

LadyOphelia the Chopper (Deep Dwarf Berserker)       Turns: 778, Time: 00:02:19

Health: -4/34      AC:  2    Str: 22    XL:     3   Next: 39%
Magic:  2/2        EV: 12    Int:  7    God:    Trog [**....]
Gold:   37         SH:  0    Dex: 12    Spells: 2/2 levels left

rFire   . . .      SeeInvis .   a - +0 hand axe
rCold   + . .      Faith    .   (no shield)
rNeg    . . .      Spirit   .   b - +0 animal skin
rPois   .          Reflect  .   (no helmet)
rElec   .          Harm     .   (no cloak)
rCorr   .          Rampage  .   (no gloves)
Will    .....                   (no boots)
Stlth   +.........              (no amulet)
HPRegen 0.00/turn               f - ring of protection from cold
MPRegen 0.08/turn               (no ring)

@: no status effects
A: damage resistance, heal wounds, sense surroundings 1, no regeneration
a: Heal Wounds, Renounce Religion, Berserk, Trog's Hand


You were on level 2 of the Dungeon.
You worshipped Trog.
Trog was pleased with you.
You visited 1 branch of the dungeon, and saw 2 of its levels.

You collected 37 gold pieces.

Inventory:

Hand Weapons
 a - a +0 hand axe (weapon)
Armour
 b - a +0 animal skin (worn)
Jewellery
 f - a ring of protection from cold (left hand)
Scrolls
 c - a scroll of teleportation {unknown}
 e - a scroll of fear {unknown}
 h - a scroll of identify {unknown}
Potions
 d - a potion of resistance {unknown}
 g - a potion of attraction {unknown}


   Skills:
 + Level 3.1 Fighting
 + Level 4.2 Axes
 + Level 2.2 Armour
 + Level 2.5 Dodging


You had 2 spell levels left.
You didn't know any spells.
Your spell library was empty.

Dungeon Overview and Level Annotations

Branches:
Dungeon (2/15)

Altars:


Innate Abilities, Weirdness & Mutations

You are resistant to damage.
You can heal yourself by infusing magical energy.
You passively map a small area around you.
You do not regenerate.


Message History

The adder bites you but does no damage.
You hit the adder.
You kill the adder!
Trog accepts your kill.
A worm comes into view.
You barely miss the hobgoblin. The hobgoblin misses you.
You hit the hobgoblin but do no damage.
The hobgoblin hits you but does no damage.
You barely miss the hobgoblin. The hobgoblin misses you.
An adder comes into view.
You hit the hobgoblin but do no damage. The hobgoblin misses you.
You closely miss the hobgoblin. The hobgoblin hits you.
The hobgoblin misses you.
You closely miss the hobgoblin. You completely miss the adder.
The adder barely misses you. The hobgoblin closely misses you.
You hit the hobgoblin but do no damage. You barely miss the adder.
The adder misses you. The hobgoblin completely misses you.
You hit the hobgoblin.
The hobgoblin is moderately wounded.
You barely miss the adder. The adder barely misses you.
The adder bites you but does no damage.
The hobgoblin hits you but does no damage.
You closely miss the hobgoblin.
The hobgoblin is moderately wounded.
You hit the adder. The adder bites you.
The hobgoblin hits you but does no damage.
You slash the hobgoblin!
You kill the hobgoblin!
Trog accepts your kill.
You barely miss the adder. The adder bites you.
You hit the worm.
The worm is lightly wounded.
You hit the adder but do no damage. The adder closely misses you. x2
A rat comes into view.
You barely miss the worm.
The worm is lightly wounded.
You barely miss the adder. The adder barely misses you. The worm bites you!
* * * LOW HITPOINT WARNING * * *
You fail to use your ability.
The adder bites you. The worm bites you!
You die...

* * #...#* , ,
##<.# .. , ,,
#..# , *... , ,
, , #..# * #...
, ,, #..# .....
, #..# #... , *
* #..#####..# ,
*
*,##....#S.#*,,
, * *###..@.# *
, , #†)w## , ,
, , *.........,
* *
#.#........#, *
.. ####.......
.., , .r......,
, # ..####.., ,
... .# , * , ,
, * *


You could see a worm, an adder and a rat.

Vanquished Creatures
  An adder (D:2)
  2 dart slugs (D:1)
  3 ball pythons (D:1)
  2 bats (D:1)
  3 endoplasms (D:1)
  A giant cockroach (D:1)
  6 hobgoblins
  2 quokkas (D:1)
  4 frilled lizards (D:1)
  2 kobolds
  2 rats (D:1)
28 creatures vanquished.

Notes
Turn   | Place    | Note
-------+----------+-------------------------------------------
     0 | D:1      | LadyOphelia the Deep Dwarf Berserker began the quest for
                  | the Orb.
     0 | D:1      | Reached XP level 1. HP: 20/20 MP: 1/1
   236 | D:1      | Reached XP level 2. HP: 28/28 MP: 2/2
   573 | D:1      | Reached skill level 4 in Axes
   575 | D:1      | Reached ** piety under Trog
   584 | D:1      | Reached XP level 3. HP: 15/34 MP: 3/3
   619 | D:1      | Found a faded altar of an unknown god.
   778 | D:2      | Slain by a worm

Illustrated notes

Levels and vault maps discovered:
D:1:      noname_arrival_rooms_in_the_neighbourhood, layout_loops_ring,
          ebering_ecumenical_altar_rust
D:2:      layout_rooms, basic_altar

Skill      XL: |  1  2 |
---------------+-------+-----
Fighting       | 3 |  3.1
Axes           | 4 |  4.2
Armour         | |  2.2
Dodging        | |  2.5

Action                   || total
-------------------------++-------
Melee: Hand axe          ||   101
 Abil: Heal Wounds       ||     2
Armor: Animal skin       ||    20
Dodge: Dodged            ||    72

Table legend: (Time is in decaauts)
 A = Elapsed time spent in this place.
 B = Non-inter-level travel time spent in this place.
 C = Inter-level travel time spent in this place.
 D = Time resting spent in this place.
 E = Time spent auto-exploring this place.
 F = Levels seen in this place.
 G = Mean time per level.
                   A        B        C        D        E       F      G
               +--------+--------+--------+--------+--------+-----+--------+
         Total |    788 |    761 |     27 |      0 |    483 |   2 |  394.0 |
       Dungeon |    788 |    761 |     27 |      0 |    483 |   2 |  394.0 |
               +--------+--------+--------+--------+--------+-----+--------+

Top non-repeatable levels by time:
     D:1: 740 daAuts
     D:2: 48 daAuts
